Flames vs Panthers

Created - December 22, 2015 at 18:15

Goals
1 2 3 OT1 SO T
Flames 1 1 0 0 0 2
Panthers 0 2 0 0 1 3
Shots
1 2 3 OT1 SO T
Flames 12 7 6 1 3 26
Panthers 3 10 9 0 2 22

1st period

1. Flames , Erik Johnson 9 (Bobby Ryan, Justin Faulk) at 5:47 (PP)

Penalties :
Eric Nystrom (FLA) for Holding (Minor) at 4:14, Blake Wheeler (FLA) for Roughing (Double Minor) at 13:33, Stephane Robidas (CGY) for Interference (Minor) at 13:33

2nd period

2. Panthers , Danny DeKeyser 3 (Patrick Kane) at 3:39
3. Panthers , Blake Wheeler 16 (Patrick Kane, Justin Braun) at 10:16 (PP)
4. Flames , Bobby Ryan 6 (Justin Faulk) at 14:58

Penalties :
Henrik Zetterberg (FLA) for Tripping (Minor) at 0:41, Antoine Vermette (CGY) for Roughing (Minor) at 9:03, Bobby Ryan (CGY) for Roughing (Minor) at 12:00

3rd period

No Goal

Penalties :
Danny DeKeyser (FLA) for Hooking (Minor) at 15:33

Overtime #1

No Goal

Penalties :
Erik Johnson (CGY) for Roughing (Minor) at 3:19

Shootout

Penalty Shot by Andrew Miller for Flames - Stopped by Michael Hutchinson
Penalty Shot by Vladimir Tarasenko for Panthers - Stopped by Ben Bishop
Penalty Shot by Antoine Vermette for Flames - Stopped by Michael Hutchinson
Penalty Shot by Patrick Kane for Panthers - Goal!
Penalty Shot by Alex Tanguay for Flames - Shot Misses the Net

Penalties :
No Penalty

Goalie Stats

Ben Bishop (CGY), 20 saves from 22 shots - (0.909), OTL, 17-10-6, 65:00 minutes
Michael Hutchinson (FLA), 24 saves from 26 shots - (0.923), W, 11-6-1, 65:00 minutes

Players Stats for Flames

Player Name              G  A  P  +/- PIM S  H  SB GA TA FO     MP     PP MP  PK MP  
------------------------------------------------------------------------------------
Alex Tanguay             0  0  0   1  0   1  0  0  0  0  1/2    20:05   3:45   0:38 
Andrej Nestrasil         0  0  0   0  0   4  1  2  0  0  1/2    19:21   2:53   1:27 
Andrew MacDonald         0  0  0   0  0   0  0  0  0  0  0/0     2:05   1:08   0:57 
Andrew Miller            0  0  0  -1  0   1  1  0  0  0  0/1    17:30   0:52   0:00 
Antoine Vermette         0  0  0  -1  2   1  0  0  0  0  11/21  23:14   2:38   0:27 
Anze Kopitar             0  0  0   1  0   6  0  0  0  0  15/22  24:01   4:53   0:57 
Bobby Ryan               1  1  2   1  2   3  1  0  0  0  0/0    20:16   3:46   0:49 
Bryan Bickell            0  0  0   0  0   0  0  0  0  0  0/0     4:55   0:00   0:54 
David Perron             0  0  0  -1  0   2  4  0  0  0  2/2    20:08   3:46   0:00 
Erik Johnson             1  0  1   1  2   1  4  1  0  0  0/0    26:53   3:14   1:16 
Jack Johnson             0  0  0  -1  0   1  1  1  0  0  0/0    24:09   3:09   2:31 
Jared Spurgeon           0  0  0   0  0   0  0  0  0  0  0/0     0:13   0:00   0:13 
Jarret Stoll             0  0  0   0  0   0  3  0  0  0  8/13   16:52   0:00   2:52 
Justin Faulk             0  2  2   1  0   2  0  0  0  0  0/0    26:44   3:14   2:02 
Kevan Miller             0  0  0   0  0   0  2  0  0  0  0/0    18:05   3:09   0:04 
Matt Cullen              0  0  0   0  0   4  0  0  0  0  4/7    16:45   0:00   0:00 
Stephane Robidas         0  0  0  -1  2   0  4  3  0  0  0/0    16:16   0:00   0:00 
Thomas Hickey            0  0  0   0  0   0  1  1  0  0  0/0    15:33   1:08   2:41 

Players Stats for Panthers

Player Name              G  A  P  +/- PIM S  H  SB GA TA FO     MP     PP MP  PK MP  
------------------------------------------------------------------------------------
Blake Wheeler            1  0  1   0  4   3  5  0  0  0  1/5    20:03   1:21   1:41 
Danny DeKeyser           1  0  1   1  2   2  0  1  0  0  0/0    25:05   2:06   2:32 
Eric Nystrom             0  0  0   0  2   1  0  0  0  0  0/1     7:56   0:00   4:00 
Henrik Zetterberg        0  0  0   0  2   4  0  0  0  0  0/0    18:25   1:51   0:00 
Jeff Petry               0  0  0  -1  0   2  3  2  0  0  0/0    16:29   2:06   0:27 
Jori Lehtera             0  0  0   0  0   1  1  0  0  0  5/13   16:00   1:21   0:00 
Justin Braun             0  1  1   0  0   1  2  0  0  0  0/0    25:09   1:06   4:10 
Marc Staal               0  0  0   1  0   1  3  1  0  0  0/0    23:21   0:00   2:54 
Mark Borowiecki          0  0  0  -1  0   0  0  1  0  0  0/0    15:01   0:00   1:05 
Martin St. Louis         0  0  0   0  0   1  0  0  0  0  0/0    12:00   0:00   1:41 
Nathan MacKinnon         0  0  0   0  0   0  0  0  0  0  4/11   16:27   0:00   0:00 
Patrick Kane             0  2  2   0  0   2  0  0  0  0  0/1    20:59   1:21   0:00 
Pavel Datsyuk            0  0  0   0  0   1  1  0  0  0  12/25  22:35   1:51   2:05 
Pierre-Edouard Bellemare 0  0  0   0  0   1  0  0  0  0  0/0     4:33   0:00   0:34 
Riley Nash               0  0  0   0  0   1  0  0  0  0  6/12    8:58   0:00   5:01 
T.J. Brodie              0  0  0   0  0   0  0  0  0  0  0/0    24:54   1:06   3:54 
Tomas Hertl              0  0  0   0  0   0  1  0  0  0  0/1    10:19   0:00   0:00 
Vladimir Tarasenko       0  0  0   0  0   1  0  0  0  0  0/1    22:12   1:51   0:00 

3 Stars

1 - Bobby Ryan (CGY)
2 - Erik Johnson (CGY)
3 - Justin Faulk (CGY)

Power Play

Flames - 1 on 4 Attempt(s) - 25.00%
Panthers - 1 on 3 Attempt(s) - 33.33%

Penalty Kill

Flames - 2 on 3 Attempt(s) - 66.67% - Score 0 goal in Penalty Kill
Panthers - 3 on 4 Attempt(s) - 75.00% - Score 0 goal in Penalty Kill

Team Stat

Flames - Hits : 22 - Faceoff Wins : 42 - Blocked Shots : 8 - Penalty Minutes : 8
Panthers - Hits : 16 - Faceoff Wins : 28 - Blocked Shots : 5 - Penalty Minutes : 10

Official

Referees : Mike Hasenfratz and Ghislain Hebert
Linesman : Brad Kovachik and David Brisebois

Game Notes

No Game Note

Finance

Level 1 -- Attendance: 6000 (100.00%) -- Ticket Income $642,000
Level 2 -- Attendance: 4321 (86.42%) -- Ticket Income $332,717
Level 3 -- Attendance: 3090 (88.29%) -- Ticket Income $160,680
Level 4 -- Attendance: 3054 (81.44%) -- Ticket Income $76,350
Luxury Box -- Attendance: 1000 (100.00%) -- Ticket Income $200,000
Game was played at the BBT Center.
Total Attendance: 17465 (90.73%)
Total Ticket Income: $1,411,747
Other Income: $211,762
Total Income: $1,623,509

% Time on Ice - Flames

Lines # - Real PCT - Wanted PCT - Time Play
Normal Forward
1 - 33% - 40% - 15:42
2 - 35% - 30% - 16:22
3 - 24% - 20% - 11:13
4 - 8% - 10% - 4:01
Normal Defense
1 - 39% - 40% - 18:21
2 - 34% - 30% - 16:17
3 - 25% - 20% - 11:44
4 - 2% - 10% - 0:56
PP Forward
1 - 50% - 60% - 3:46
2 - 50% - 40% - 3:45
PP Defense
1 - 58% - 60% - 4:22
2 - 42% - 40% - 3:09
PK Forward
1 - 80% - 60% - 2:34
2 - 20% - 40% - 0:38
PK Defense
1 - 40% - 60% - 1:16
2 - 60% - 40% - 1:56
PK3 Forward
1 - 100% - 60% - 1:40
2 - 0% - 40% - 0:00
PK3 Defense
1 - 85% - 60% - 1:25
2 - 15% - 40% - 0:15
44 Forward
1 - 71% - 60% - 3:48
2 - 29% - 40% - 1:31
44 Defense
1 - 59% - 60% - 3:07
2 - 41% - 40% - 2:12
Last Minute Offensive  - 0:00
Last Minute Defensive  - 0:00
Total
Forward - 65:00
Defense - 65:00

% Time on Ice - Panthers

Lines # - Real PCT - Wanted PCT - Time Play
Normal Forward
1 - 35% - 37% - 16:27
2 - 35% - 35% - 16:35
3 - 22% - 22% - 10:19
4 - 8% - 6% - 3:57
Normal Defense
1 - 35% - 41% - 16:24
2 - 36% - 39% - 16:58
3 - 29% - 20% - 13:56
4 - 0% - 0% - 0:00
PP Forward
1 - 42% - 50% - 1:21
2 - 58% - 50% - 1:51
PP Defense
1 - 34% - 55% - 1:06
2 - 66% - 45% - 2:06
PK Forward
1 - 71% - 60% - 5:19
2 - 29% - 40% - 2:12
PK Defense
1 - 55% - 60% - 4:10
2 - 45% - 40% - 3:21
PK3 Forward
1 - 0% - 60%
2 - 0% - 40%
PK3 Defense
1 - 0% - 60%
2 - 0% - 40%
44 Forward
1 - 70% - 60% - 4:55
2 - 30% - 40% - 2:04
44 Defense
1 - 50% - 60% - 3:30
2 - 50% - 40% - 3:29
Last Minute Offensive  - 0:00
Last Minute Defensive  - 0:00
Total
Forward - 65:00
Defense - 65:00

Play by Play

1st period


0:01 of 1st period - Anze Kopitar wins face-off versus Nathan MacKinnon in neutral zone.
0:10 of 1st period - Shot by Bobby Ryan.
0:10 of 1st period - Stopped by Michael Hutchinson without a rebound.
0:11 of 1st period - Pavel Datsyuk wins face-off versus Andrew Miller in Panthers zone.
0:44 of 1st period - Shot by David Perron.
0:44 of 1st period - Shot Misses the Net.
2:05 of 1st period - Andrej Nestrasil is hit by Jeff Petry and loses puck.
2:23 of 1st period - Blake Wheeler is hit by Thomas Hickey and loses puck.
2:54 of 1st period - Shot by Andrew Miller.
2:54 of 1st period - Deflect By David Perron.
2:54 of 1st period - Stopped by Michael Hutchinson with a rebound.
2:58 of 1st period - Shot by Andrew Miller.
2:58 of 1st period - Stopped by Michael Hutchinson with a rebound.
3:25 of 1st period - Justin Faulk is hit by Blake Wheeler and loses puck.
3:38 of 1st period - Shot by Bobby Ryan.
3:38 of 1st period - Stopped by Michael Hutchinson without a rebound.
3:39 of 1st period - Anze Kopitar wins face-off versus Pavel Datsyuk in Panthers zone.
3:46 of 1st period - Shot by Matt Cullen.
3:46 of 1st period - Shot Misses the Net.
4:13 of 1st period - Icing by Erik Johnson.
4:14 of 1st period - Matt Cullen wins face-off versus Riley Nash in Flames zone.
4:14 of 1st period - Minor Penalty to Eric Nystrom for Holding.
4:15 of 1st period - Riley Nash wins face-off versus Antoine Vermette in Panthers zone.
4:41 of 1st period - Shot by Justin Faulk.
4:41 of 1st period - Shot Blocked by Danny DeKeyser.
5:35 of 1st period - Shot by Anze Kopitar.
5:35 of 1st period - Stopped by Michael Hutchinson without a rebound.
5:36 of 1st period - Antoine Vermette wins face-off versus Riley Nash in Panthers zone.
5:45 of 1st period - Shot by Bobby Ryan.
5:45 of 1st period - Shot Misses the Net.
5:47 of 1st period - Shot by Erik Johnson.
5:47 of 1st period - Goal by Erik Johnson - Flames : 1 - Panthers : 0.
5:48 of 1st period - Jori Lehtera wins face-off versus Jarret Stoll in neutral zone.
6:20 of 1st period - Icing by Justin Braun.
6:21 of 1st period - Anze Kopitar wins face-off versus Tomas Hertl in Panthers zone.
6:42 of 1st period - Shot by Bobby Ryan.
6:42 of 1st period - Shot Misses the Net.
8:14 of 1st period - Blake Wheeler is hit by Kevan Miller.
8:16 of 1st period - Shot by Patrick Kane.
8:16 of 1st period - Stopped by Ben Bishop with a rebound.
9:27 of 1st period - Shot by Matt Cullen.
9:27 of 1st period - Stopped by Michael Hutchinson with a rebound.
9:29 of 1st period - Shot by Jack Johnson.
9:29 of 1st period - Stopped by Michael Hutchinson with a rebound.
9:37 of 1st period - Shot by Andrej Nestrasil.
9:37 of 1st period - Deflect By Jarret Stoll.
9:37 of 1st period - Shot Misses the Net.
10:20 of 1st period - Shot by Eric Nystrom.
10:20 of 1st period - Stopped by Ben Bishop without a rebound.
10:21 of 1st period - Pavel Datsyuk wins face-off versus Matt Cullen in Flames zone.
11:36 of 1st period - Off-side.
11:37 of 1st period - Riley Nash wins face-off versus Antoine Vermette in neutral zone.
11:57 of 1st period - Riley Nash is hit by Stephane Robidas and loses puck.
13:02 of 1st period - Shot by Vladimir Tarasenko.
13:02 of 1st period - Shot Misses the Net.
13:04 of 1st period - Shot by Vladimir Tarasenko.
13:04 of 1st period - Deflect By Pavel Datsyuk.
13:04 of 1st period - Stopped by Ben Bishop without a rebound.
13:05 of 1st period - Antoine Vermette wins face-off versus Nathan MacKinnon in Flames zone.
13:30 of 1st period - Shot by Nathan MacKinnon.
13:30 of 1st period - Shot Blocked by Stephane Robidas.
13:33 of 1st period - Double Minor Penalty to Blake Wheeler for Roughing.
13:33 of 1st period - Minor Penalty to Stephane Robidas for Interference.
13:34 of 1st period - Antoine Vermette wins face-off versus Vladimir Tarasenko in Flames zone.
14:09 of 1st period - Shot by Jori Lehtera.
14:09 of 1st period - Shot Misses the Net.
15:10 of 1st period - Shot by Patrick Kane.
15:10 of 1st period - Deflect By Pavel Datsyuk.
15:10 of 1st period - Shot Misses the Net.
15:44 of 1st period - Shot by Anze Kopitar.
15:44 of 1st period - Stopped by Michael Hutchinson without a rebound.
15:45 of 1st period - Riley Nash wins face-off versus Anze Kopitar in Panthers zone.
16:32 of 1st period - Icing by David Perron.
16:33 of 1st period - Anze Kopitar wins face-off versus Riley Nash in Flames zone.
16:57 of 1st period - Icing by David Perron.
16:58 of 1st period - Pavel Datsyuk wins face-off versus Anze Kopitar in Flames zone.
17:12 of 1st period - Icing by Andrew MacDonald.
17:13 of 1st period - David Perron wins face-off versus Eric Nystrom in Flames zone.
17:24 of 1st period - Shot by Bobby Ryan.
17:24 of 1st period - Shot Misses the Net.
17:35 of 1st period - Icing by T.J. Brodie.
17:36 of 1st period - Matt Cullen wins face-off versus Pavel Datsyuk in Panthers zone.
17:41 of 1st period - Shot by Andrej Nestrasil.
17:41 of 1st period - Shot Blocked by Jeff Petry.
17:43 of 1st period - Shot by Matt Cullen.
17:43 of 1st period - Shot Misses the Net.
17:45 of 1st period - Shot by Andrej Nestrasil.
17:45 of 1st period - Stopped by Michael Hutchinson without a rebound.
17:46 of 1st period - Jarret Stoll wins face-off versus Blake Wheeler in Panthers zone.
17:55 of 1st period - Shot by Jarret Stoll.
17:55 of 1st period - Shot Misses the Net.
18:00 of 1st period - Icing by Patrick Kane.
18:01 of 1st period - Nathan MacKinnon wins face-off versus Antoine Vermette in Panthers zone.
18:01 of 1st period - Patrick Kane is hit by David Perron and loses puck.
18:09 of 1st period - Antoine Vermette is hit by Marc Staal and loses puck.
18:32 of 1st period - Danny DeKeyser is hit by David Perron and loses puck.
18:41 of 1st period - Shot by Antoine Vermette.
18:41 of 1st period - Stopped by Michael Hutchinson without a rebound.
18:42 of 1st period - Pavel Datsyuk wins face-off versus Andrej Nestrasil in Panthers zone.
18:42 of 1st period - Vladimir Tarasenko is hit by Jarret Stoll and loses puck.
18:52 of 1st period - Icing by Pavel Datsyuk.
18:53 of 1st period - Pavel Datsyuk wins face-off versus Anze Kopitar in Panthers zone.
19:08 of 1st period - Shot by Anze Kopitar.
19:08 of 1st period - Stopped by Michael Hutchinson without a rebound.
19:09 of 1st period - Jarret Stoll wins face-off versus Jori Lehtera in Panthers zone.
19:15 of 1st period - Matt Cullen is hit by Jeff Petry and loses puck.
Goals for this period are 1 for Flames vs 0 for Panthers.
Shots for this period are 12 for Flames vs 3 for Panthers.

2nd period


0:01 of 2nd period - Anze Kopitar wins face-off versus Pavel Datsyuk in neutral zone.
0:41 of 2nd period - Minor Penalty to Henrik Zetterberg for Tripping.
0:42 of 2nd period - Antoine Vermette wins face-off versus Riley Nash in Panthers zone.
1:07 of 2nd period - Justin Braun is hit by Bobby Ryan and loses puck.
1:20 of 2nd period - Shot by Bobby Ryan.
1:20 of 2nd period - Deflect By Antoine Vermette.
1:20 of 2nd period - Shot Misses the Net.
1:36 of 2nd period - Shot by Erik Johnson.
1:36 of 2nd period - Shot Blocked by Marc Staal.
1:43 of 2nd period - Icing by Anze Kopitar.
1:44 of 2nd period - Anze Kopitar wins face-off versus Pavel Datsyuk in Flames zone.
1:59 of 2nd period - Shot by Blake Wheeler.
1:59 of 2nd period - Shot Blocked by Andrej Nestrasil.
2:37 of 2nd period - Icing by David Perron.
2:38 of 2nd period - Antoine Vermette wins face-off versus Riley Nash in Flames zone.
2:53 of 2nd period - Shot by Martin St. Louis.
2:53 of 2nd period - Shot Misses the Net.
2:59 of 2nd period - Shot by Tomas Hertl.
2:59 of 2nd period - Shot Misses the Net.
3:39 of 2nd period - Shot by Danny DeKeyser.
3:39 of 2nd period - Goal by Danny DeKeyser - Flames : 1 - Panthers : 1.
3:40 of 2nd period - Jarret Stoll wins face-off versus Nathan MacKinnon in neutral zone.
4:22 of 2nd period - Icing by Marc Staal.
4:23 of 2nd period - Anze Kopitar wins face-off versus Blake Wheeler in Panthers zone.
5:27 of 2nd period - Shot by Vladimir Tarasenko.
5:27 of 2nd period - Shot Misses the Net.
5:47 of 2nd period - Shot by Pavel Datsyuk.
5:47 of 2nd period - Deflect By Vladimir Tarasenko.
5:47 of 2nd period - Shot Misses the Net.
6:21 of 2nd period - Shot by Matt Cullen.
6:21 of 2nd period - Stopped by Michael Hutchinson without a rebound.
6:22 of 2nd period - Matt Cullen wins face-off versus Riley Nash in Panthers zone.
6:35 of 2nd period - Shot by Anze Kopitar.
6:35 of 2nd period - Shot Blocked by Mark Borowiecki.
7:06 of 2nd period - Icing by Anze Kopitar.
7:07 of 2nd period - Pavel Datsyuk wins face-off versus Matt Cullen in Flames zone.
7:12 of 2nd period - Shot by Henrik Zetterberg.
7:12 of 2nd period - Stopped by Ben Bishop without a rebound.
7:13 of 2nd period - Pavel Datsyuk wins face-off versus Antoine Vermette in Flames zone.
7:54 of 2nd period - Shot by Vladimir Tarasenko.
7:54 of 2nd period - Stopped by Ben Bishop without a rebound.
7:55 of 2nd period - Anze Kopitar wins face-off versus Nathan MacKinnon in Flames zone.
7:55 of 2nd period - Anze Kopitar is hit by Blake Wheeler.
8:02 of 2nd period - Shot by Thomas Hickey.
8:02 of 2nd period - Deflect By Alex Tanguay.
8:02 of 2nd period - Shot Misses the Net.
8:22 of 2nd period - Shot by Anze Kopitar.
8:22 of 2nd period - Shot Misses the Net.
8:30 of 2nd period - Shot by Anze Kopitar.
8:30 of 2nd period - Stopped by Michael Hutchinson without a rebound.
8:31 of 2nd period - Jarret Stoll wins face-off versus Jori Lehtera in Panthers zone.
8:31 of 2nd period - Matt Cullen is hit by Justin Braun and loses puck.
8:46 of 2nd period - Shot by Martin St. Louis.
8:46 of 2nd period - Shot Misses the Net.
8:52 of 2nd period - T.J. Brodie is hit by Andrej Nestrasil and loses puck.
9:01 of 2nd period - Shot by Andrej Nestrasil.
9:01 of 2nd period - Stopped by Michael Hutchinson without a rebound.
9:02 of 2nd period - Pavel Datsyuk wins face-off versus Antoine Vermette in Panthers zone.
9:02 of 2nd period - Pavel Datsyuk is hit by Andrew Miller.
9:03 of 2nd period - Minor Penalty to Antoine Vermette for Roughing.
9:04 of 2nd period - Jarret Stoll wins face-off versus Pavel Datsyuk in Flames zone.
9:04 of 2nd period - Jarret Stoll is hit by Pavel Datsyuk.
10:12 of 2nd period - Shot by Justin Braun.
10:12 of 2nd period - Stopped by Ben Bishop with a rebound.
10:14 of 2nd period - Shot by Patrick Kane.
10:14 of 2nd period - Deflect By Blake Wheeler.
10:14 of 2nd period - Shot Misses the Net.
10:16 of 2nd period - Shot by Blake Wheeler.
10:16 of 2nd period - Goal by Blake Wheeler - Flames : 1 - Panthers : 2.
10:17 of 2nd period - Riley Nash wins face-off versus Antoine Vermette in neutral zone.
10:32 of 2nd period - Shot by David Perron.
10:32 of 2nd period - Shot Misses the Net.
10:34 of 2nd period - Shot by David Perron.
10:34 of 2nd period - Stopped by Michael Hutchinson without a rebound.
10:35 of 2nd period - Matt Cullen wins face-off versus Nathan MacKinnon in Panthers zone.
10:42 of 2nd period - Shot by Anze Kopitar.
10:42 of 2nd period - Stopped by Michael Hutchinson without a rebound.
10:43 of 2nd period - Nathan MacKinnon wins face-off versus Anze Kopitar in Panthers zone.
10:52 of 2nd period - Shot by Blake Wheeler.
10:52 of 2nd period - Shot Blocked by Stephane Robidas.
10:54 of 2nd period - Shot by Marc Staal.
10:54 of 2nd period - Shot Blocked by Stephane Robidas.
10:56 of 2nd period - Shot by Blake Wheeler.
10:56 of 2nd period - Stopped by Ben Bishop without a rebound.
10:57 of 2nd period - Antoine Vermette wins face-off versus Pavel Datsyuk in Flames zone.
11:12 of 2nd period - Shot by Antoine Vermette.
11:12 of 2nd period - Shot Misses the Net.
12:00 of 2nd period - Minor Penalty to Bobby Ryan for Roughing.
12:01 of 2nd period - Jori Lehtera wins face-off versus Jarret Stoll in Flames zone.
12:12 of 2nd period - Shot by Blake Wheeler.
12:12 of 2nd period - Shot Misses the Net.
12:14 of 2nd period - Shot by Danny DeKeyser.
12:14 of 2nd period - Stopped by Ben Bishop without a rebound.
12:15 of 2nd period - Andrej Nestrasil wins face-off versus Jori Lehtera in Flames zone.
12:15 of 2nd period - Andrej Nestrasil is hit by Blake Wheeler.
12:24 of 2nd period - Danny DeKeyser is hit by Jack Johnson and loses puck.
12:47 of 2nd period - Shot by Danny DeKeyser.
12:47 of 2nd period - Shot Blocked by Andrej Nestrasil.
12:49 of 2nd period - Shot by Jeff Petry.
12:49 of 2nd period - Stopped by Ben Bishop with a rebound.
12:51 of 2nd period - Shot by Jeff Petry.
12:51 of 2nd period - Stopped by Ben Bishop without a rebound.
12:52 of 2nd period - Jarret Stoll wins face-off versus Pavel Datsyuk in Flames zone.
13:57 of 2nd period - Shot by Patrick Kane.
13:57 of 2nd period - Deflect By Blake Wheeler.
13:57 of 2nd period - Stopped by Ben Bishop with a rebound.
14:28 of 2nd period - Icing by Andrew Miller.
14:29 of 2nd period - Antoine Vermette wins face-off versus Nathan MacKinnon in Flames zone.
14:58 of 2nd period - Shot by Bobby Ryan.
14:58 of 2nd period - Goal by Bobby Ryan - Flames : 2 - Panthers : 2.
14:59 of 2nd period - Pavel Datsyuk wins face-off versus Anze Kopitar in neutral zone.
15:42 of 2nd period - Shot by Erik Johnson.
15:42 of 2nd period - Shot Misses the Net.
16:06 of 2nd period - Off-side.
16:07 of 2nd period - David Perron wins face-off versus Patrick Kane in neutral zone.
16:20 of 2nd period - Patrick Kane is hit by Stephane Robidas.
17:17 of 2nd period - Jori Lehtera is hit by Stephane Robidas and loses puck.
18:06 of 2nd period - Erik Johnson is hit by Justin Braun.
19:20 of 2nd period - Shot by Andrej Nestrasil.
19:20 of 2nd period - Stopped by Michael Hutchinson without a rebound.
19:21 of 2nd period - Jori Lehtera wins face-off versus Jarret Stoll in Panthers zone.
19:39 of 2nd period - Shot by Martin St. Louis.
19:39 of 2nd period - Shot Blocked by Thomas Hickey.
Goals for this period are 1 for Flames vs 2 for Panthers.
Shots for this period are 7 for Flames vs 10 for Panthers.

3rd period


0:01 of 3rd period - Anze Kopitar wins face-off versus Nathan MacKinnon in neutral zone.
0:09 of 3rd period - Bobby Ryan is hit by Blake Wheeler and loses puck.
1:58 of 3rd period - Off-side.
1:59 of 3rd period - Anze Kopitar wins face-off versus Pavel Datsyuk in neutral zone.
2:10 of 3rd period - Shot by Bobby Ryan.
2:10 of 3rd period - Shot Misses the Net.
2:12 of 3rd period - Shot by Bobby Ryan.
2:12 of 3rd period - Deflect By Anze Kopitar.
2:12 of 3rd period - Shot Misses the Net.
3:01 of 3rd period - Off-side.
3:02 of 3rd period - Riley Nash wins face-off versus Matt Cullen in neutral zone.
3:02 of 3rd period - Mark Borowiecki is hit by Jarret Stoll and loses puck.
3:12 of 3rd period - Riley Nash is hit by Stephane Robidas and loses puck.
3:21 of 3rd period - Shot by Pierre-Edouard Bellemare.
3:21 of 3rd period - Deflect By Riley Nash.
3:21 of 3rd period - Stopped by Ben Bishop with a rebound.
3:23 of 3rd period - Shot by Pierre-Edouard Bellemare.
3:23 of 3rd period - Stopped by Ben Bishop without a rebound.
3:24 of 3rd period - Jori Lehtera wins face-off versus Antoine Vermette in Flames zone.
3:31 of 3rd period - Shot by Martin St. Louis.
3:31 of 3rd period - Stopped by Ben Bishop without a rebound.
3:32 of 3rd period - Pavel Datsyuk wins face-off versus Alex Tanguay in Flames zone.
3:42 of 3rd period - Pavel Datsyuk is hit by Erik Johnson and loses puck.
3:47 of 3rd period - Shot by Vladimir Tarasenko.
3:47 of 3rd period - Shot Misses the Net.
3:49 of 3rd period - Shot by Henrik Zetterberg.
3:49 of 3rd period - Stopped by Ben Bishop with a rebound.
3:51 of 3rd period - Shot by Mark Borowiecki.
3:51 of 3rd period - Shot Blocked by Erik Johnson.
3:53 of 3rd period - Shot by Henrik Zetterberg.
3:53 of 3rd period - Shot Misses the Net.
4:22 of 3rd period - Icing by Erik Johnson.
4:23 of 3rd period - Alex Tanguay wins face-off versus Jori Lehtera in Flames zone.
4:56 of 3rd period - Shot by Jori Lehtera.
4:56 of 3rd period - Shot Misses the Net.
5:06 of 3rd period - Shot by Jori Lehtera.
5:06 of 3rd period - Shot Blocked by Jack Johnson.
5:08 of 3rd period - Shot by Martin St. Louis.
5:08 of 3rd period - Shot Misses the Net.
5:50 of 3rd period - Shot by Nathan MacKinnon.
5:50 of 3rd period - Deflect By Patrick Kane.
5:50 of 3rd period - Shot Misses the Net.
5:52 of 3rd period - Shot by Blake Wheeler.
5:52 of 3rd period - Shot Misses the Net.
5:54 of 3rd period - Shot by Marc Staal.
5:54 of 3rd period - Stopped by Ben Bishop without a rebound.
5:55 of 3rd period - Pavel Datsyuk wins face-off versus Antoine Vermette in Flames zone.
5:56 of 3rd period - Shot by Henrik Zetterberg.
5:56 of 3rd period - Stopped by Ben Bishop without a rebound.
5:57 of 3rd period - Anze Kopitar wins face-off versus Pavel Datsyuk in Flames zone.
7:34 of 3rd period - Nathan MacKinnon is hit by David Perron and loses puck.
7:40 of 3rd period - Icing by Patrick Kane.
7:41 of 3rd period - Antoine Vermette wins face-off versus Blake Wheeler in Panthers zone.
7:44 of 3rd period - Shot by David Perron.
7:44 of 3rd period - Shot Misses the Net.
8:11 of 3rd period - Shot by Jori Lehtera.
8:11 of 3rd period - Stopped by Ben Bishop without a rebound.
8:12 of 3rd period - Jarret Stoll wins face-off versus Pavel Datsyuk in Flames zone.
8:23 of 3rd period - Justin Braun is hit by Jarret Stoll and loses puck.
8:47 of 3rd period - Icing by Jack Johnson.
8:48 of 3rd period - Jarret Stoll wins face-off versus Jori Lehtera in Flames zone.
8:48 of 3rd period - Jarret Stoll is hit by Tomas Hertl.
10:07 of 3rd period - Off-side.
10:08 of 3rd period - Anze Kopitar wins face-off versus Pavel Datsyuk in neutral zone.
10:30 of 3rd period - Shot by Alex Tanguay.
10:30 of 3rd period - Stopped by Michael Hutchinson with a rebound.
10:32 of 3rd period - Shot by Justin Faulk.
10:32 of 3rd period - Stopped by Michael Hutchinson without a rebound.
10:33 of 3rd period - Nathan MacKinnon wins face-off versus Jarret Stoll in Panthers zone.
10:51 of 3rd period - Jarret Stoll is hit by Blake Wheeler and loses puck.
10:57 of 3rd period - Off-side.
10:58 of 3rd period - Anze Kopitar wins face-off versus Pavel Datsyuk in neutral zone.
11:05 of 3rd period - Shot by Anze Kopitar.
11:05 of 3rd period - Stopped by Michael Hutchinson without a rebound.
11:06 of 3rd period - Pavel Datsyuk wins face-off versus Anze Kopitar in Panthers zone.
11:51 of 3rd period - Shot by Henrik Zetterberg.
11:51 of 3rd period - Stopped by Ben Bishop without a rebound.
11:52 of 3rd period - Nathan MacKinnon wins face-off versus Antoine Vermette in Flames zone.
11:53 of 3rd period - Shot by Patrick Kane.
11:53 of 3rd period - Shot Misses the Net.
12:37 of 3rd period - T.J. Brodie is hit by David Perron.
13:29 of 3rd period - Shot by Jarret Stoll.
13:29 of 3rd period - Deflect By Matt Cullen.
13:29 of 3rd period - Stopped by Michael Hutchinson with a rebound.
13:31 of 3rd period - Shot by Kevan Miller.
13:31 of 3rd period - Shot Blocked by Jeff Petry.
13:56 of 3rd period - Anze Kopitar is hit by Marc Staal and loses puck.
14:10 of 3rd period - Vladimir Tarasenko is hit by Erik Johnson and loses puck.
14:16 of 3rd period - Henrik Zetterberg is hit by Erik Johnson and loses puck.
14:56 of 3rd period - Shot by Antoine Vermette.
14:56 of 3rd period - Shot Misses the Net.
15:07 of 3rd period - Antoine Vermette is hit by Marc Staal and loses puck.
15:33 of 3rd period - Minor Penalty to Danny DeKeyser for Hooking.
15:34 of 3rd period - Riley Nash wins face-off versus Anze Kopitar in Panthers zone.
15:59 of 3rd period - Shot by Justin Faulk.
15:59 of 3rd period - Stopped by Michael Hutchinson with a rebound.
16:41 of 3rd period - Shot by Bobby Ryan.
16:41 of 3rd period - Shot Misses the Net.
16:43 of 3rd period - Shot by Jack Johnson.
16:43 of 3rd period - Shot Misses the Net.
16:58 of 3rd period - Icing by Justin Faulk.
16:59 of 3rd period - Anze Kopitar wins face-off versus Pavel Datsyuk in Flames zone.
17:45 of 3rd period - Stephane Robidas is hit by Jeff Petry and loses puck.
17:48 of 3rd period - Shot by Matt Cullen.
17:48 of 3rd period - Stopped by Michael Hutchinson without a rebound.
17:49 of 3rd period - Antoine Vermette wins face-off versus Jori Lehtera in Panthers zone.
18:43 of 3rd period - Shot by Patrick Kane.
18:43 of 3rd period - Stopped by Ben Bishop with a rebound.
18:48 of 3rd period - Nathan MacKinnon is hit by Kevan Miller and loses puck.
Goals for this period are 0 for Flames vs 0 for Panthers.
Shots for this period are 6 for Flames vs 9 for Panthers.

Overtime #1


0:01 of 1st overtime period - Jori Lehtera wins face-off versus Antoine Vermette in neutral zone.
0:08 of 1st overtime period - Antoine Vermette is hit by Jori Lehtera and loses puck.
0:18 of 1st overtime period - Icing by Erik Johnson.
0:19 of 1st overtime period - Antoine Vermette wins face-off versus Jori Lehtera in Flames zone.
0:34 of 1st overtime period - Shot by Erik Johnson.
0:34 of 1st overtime period - Shot Misses the Net.
0:36 of 1st overtime period - Shot by Andrej Nestrasil.
0:36 of 1st overtime period - Stopped by Michael Hutchinson without a rebound.
0:37 of 1st overtime period - Antoine Vermette wins face-off versus Jori Lehtera in Panthers zone.
0:58 of 1st overtime period - Shot by Antoine Vermette.
0:58 of 1st overtime period - Shot Hit the Post.
3:04 of 1st overtime period - Shot by Pavel Datsyuk.
3:04 of 1st overtime period - Shot Misses the Net.
3:17 of 1st overtime period - Icing by Erik Johnson.
3:18 of 1st overtime period - Blake Wheeler wins face-off versus Jarret Stoll in Flames zone.
3:18 of 1st overtime period - Blake Wheeler is hit by Erik Johnson.
3:19 of 1st overtime period - Minor Penalty to Erik Johnson for Roughing.
3:20 of 1st overtime period - Anze Kopitar wins face-off versus Blake Wheeler in Flames zone.
3:46 of 1st overtime period - Shot by Blake Wheeler.
3:46 of 1st overtime period - Shot Misses the Net.
3:48 of 1st overtime period - Shot by Danny DeKeyser.
3:48 of 1st overtime period - Shot Misses the Net.
Goals for this period are 0 for Flames vs 0 for Panthers.
Shots for this period are 1 for Flames vs 0 for Panthers.

ShootOut


5:00 of 1st overtime period - Penalty Shot by Andrew Miller for Flames.
5:00 of 1st overtime period - Stopped by Michael Hutchinson.
5:00 of 1st overtime period - Penalty Shot by Vladimir Tarasenko for Panthers.
5:00 of 1st overtime period - Stopped by Ben Bishop.
5:00 of 1st overtime period - Penalty Shot by Antoine Vermette for Flames.
5:00 of 1st overtime period - Stopped by Michael Hutchinson.
5:00 of 1st overtime period - Penalty Shot by Patrick Kane for Panthers.
5:00 of 1st overtime period - Goal by Patrick Kane.
5:00 of 1st overtime period - Penalty Shot by Alex Tanguay for Flames.
5:00 of 1st overtime period - Shot Misses the Net.